 Dungeon Crawl Stone Soup version 0.22-a0-247-gbddf880757 (webtiles) character file.

3080 Manul the Covert (level 9, -1/45 HPs)
             Began as a Vine Stalker Assassin on Feb 25, 2018.
             Was an Initiate of Gozag.
             Slain by an orc warrior
             ... wielding a +0 scimitar
              (10 damage)
             ... on level 8 of the Dungeon.
             The game lasted 00:09:14 (7344 turns).

Manul the Covert (Vine Stalker Assassin)            Turns: 7344, Time: 00:09:15

Health: -1/45      AC: 10    Str: 14    XL:     9   Next: 89%
Magic:  0/10       EV: 16    Int: 11    God:    Gozag
Gold:   861        SH:  0    Dex: 19    Spells: 8/8 levels left

rFire    . . .     SeeInvis .   a - +2 dagger
rCold    . . .     Gourm    .   (no shield)
rNeg     . . .     Faith    .   o - +0 ring mail
rPois    +         Spirit   +   (no helmet)
rElec    .         Reflect  .   d - +1 cloak
rCorr    .         Harm     .   (no gloves)
MR       +....                  G - +1 pair of boots
Stlth    ++++......             (no amulet)
HPRegen  0.55/turn              n - ring of poison resistance
MPRegen  0.12/turn              h - +3 ring of evasion

@: no status effects
A: fangs 3, regeneration 1, magic shield, antimagic bite, no potion heal 3, rot
immunity
a: Potion Petition, Call Merchant, Bribe Branch, Renounce Religion


You were on level 8 of the Dungeon.
You worshipped Gozag.
Gozag was pleased with you.
You were not hungry.

You visited 1 branch of the dungeon, and saw 8 of its levels.

You collected 880 gold pieces.
You paid 19 gold pieces to Gozag.

Inventory:

Hand Weapons
 a - a +2 dagger (weapon)
 b - a +0 blowgun
 B - a +1 vampiric dagger
 L - the +6 hand crossbow of Ycapeti {speed, +Blink rC+ Str+2 Dex+3}
   (You found it on level 7 of the Dungeon)

   Attacks with this weapon are significantly faster.
   It affects your strength (+2).
   It affects your dexterity (+3).
   It protects you from cold.
   It lets you blink.
Missiles
 e - 10 poisoned needles
 f - 6 curare-tipped needles
 z - 7 needles of sleeping
 M - 2 needles of confusion
Armour
 d - a +1 cloak (worn)
 o - a +0 ring mail (worn)
 G - a +1 pair of boots (worn)
Jewellery
 h - a +3 ring of evasion (right hand)
 n - a ring of poison resistance (left hand)
 s - an uncursed ring of flight
Wands
 x - a wand of iceblast (20)
 y - a wand of flame (3)
Scrolls
 i - 3 scrolls of identify
 j - 4 scrolls of amnesia
 p - a scroll of fear {unknown}
 r - 3 scrolls of blinking
 u - a scroll of immolation {unknown}
 v - 4 scrolls of magic mapping
 w - a scroll of fog {unknown}
 A - a scroll of enchant armour
 C - 3 scrolls of teleportation
 I - 2 scrolls of summoning {unknown}
 J - a scroll of noise {unknown}
 K - 5 scrolls of remove curse {unknown}
Potions
 q - a potion of berserk rage
 t - a potion of agility
 D - a potion of magic {unknown}
 E - a potion of heal wounds {unknown}
 F - a potion of flight
 H - 3 potions of curing
Comestibles
 g - 5 rations


   Skills:
 + Level 4.0 Fighting
 + Level 6.3 Short Blades
 - Level 2.3 Throwing
 + Level 4.9 Armour
 + Level 4.1 Dodging
 * Level 10.7 Stealth


You had 8 spell levels left.
You didn't know any spells.

Dungeon Overview and Level Annotations

Branches:
Dungeon (8/15)             Temple (0/1) D:7            Lair (0/6) D:8

Altars:
Elyvilon
Fedhas
Gozag
Qazlal
Sif Muna
Wu Jian


Innate Abilities, Weirdness & Mutations

You have razor-sharp teeth.
Your natural rate of healing is unusually fast.
When hurt, damage is shared between your health and your magic reserves.
Your bite disrupts and absorbs the magic of your enemies.
Potions cannot restore your health.
You are immune to rotting.


Message History

The orc warrior is severely wounded.
The orc completely misses you.
You hit the orc warrior.
The orc warrior is almost dead.
The orc warrior hits you with a scimitar!
* * * LOW HITPOINT WARNING * * *
You hit the orc warrior but do no damage.
You bite the orc warrior, but do no damage.
The orc warrior is almost dead.
The orc closely misses you. The orc warrior barely misses you.
You hit the orc warrior but do no damage.
Your bite misses the orc warrior.
The orc warrior is almost dead.
The orc misses you.
You hit the orc warrior but do no damage.
Your bite misses the orc warrior.
The orc warrior is almost dead.
The orc warrior hits you with a scimitar!
You die...
Your body crumbles into a pile of gold.

**,,..#*##....** ##.......## #
****,,,...##....#* ##.........###
*,,,,...........####.....#)......
,,,,,............#.(....###......
,,,,.................<.## ##.....
,,,,.......#......(.####* #......
,,,,.......*#.)....#*.,.**#......
,,,,.......##(<..(##....,*#....##
,,,,...........o@(#..>..,,+...##
,,,,.............o#....>,,+...##
,,,,..............#..>..,,+....#
,,,..##.........####....,*#....##
*,,...###......## **...**####.(#
**,...###..($.(#####**##** ##..
*,........$..$.(.....,,,* ##.
**.........(.........,,** ##
*.........$(........,** #


You could see an orc warrior and an orc.

Vanquished Creatures
  A two-headed ogre (D:8)
  Duvessa (D:6)
  A water moccasin (D:5)
  A hornet zombie (D:8)
  A sky beast (D:6)
  6 ogres
  3 centaurs
  2 bullfrogs
  Dowan (D:6)
  A wyvern zombie (D:6)
  4 killer bees (D:6)
  3 howler monkeys
  A crimson imp (D:8)
  3 hounds
  2 orc priests
  4 iguanas
  Natasha (thrice) (D:3)
  4 orc wizards
  3 worker ants
  2 hound skeletons
  2 howler monkey skeletons (D:5)
  3 gnolls (D:5)
  3 adders
  4 river rats (D:5)
  2 shadow imps
  An adder skeleton (D:5)
  A dart slug (D:2)
  A leopard gecko (D:6)
  16 orcs
  2 bats (D:2)
  5 giant cockroaches
  5 goblins
  9 hobgoblins
  8 jackals
  2 quokkas
  A ball python (D:2)
  4 frilled lizards
  9 kobolds
  10 rats
135 creatures vanquished.

Notes
Turn   | Place    | Note
-------+----------+-------------------------------------------
     0 | D:1      | Manul the Vine Stalker Assassin began the quest for the Orb.
     0 | D:1      | Reached XP level 1. HP: 11/11 MP: 2/2
   143 | D:1      | Reached skill level 5 in Stealth
   368 | D:1      | Reached XP level 2. HP: 6/15 MP: 1/3
  1143 | D:2      | Reached XP level 3. HP: 9/18 MP: 2/4
  1618 | D:2      | Reached skill level 6 in Stealth
  1645 | D:2      | Found a faded altar of an unknown god.
  1737 | D:2      | Found a deep blue altar of Sif Muna.
  1771 | D:2      | Found an ornate altar of the Wu Jian Council.
  1939 | D:3      | Noticed Natasha
  1960 | D:3      | Killed Natasha
  1960 | D:3      | Reached skill level 1 in Armour
  1960 | D:3      | Reached skill level 1 in Dodging
  1960 | D:3      | Gained mutation: Your natural rate of healing is unusually fast. [Vine Stalker growth]
  1960 | D:3      | Reached XP level 4. HP: 4/23 MP: 1/5
  2128 | D:3      | Noticed Natasha
  2141 | D:3      | Killed Natasha
  2381 | D:3      | Found an opulent altar of Gozag.
  2386 | D:3      | Became a worshipper of Gozag Ym Sagoz the Greedy
  2417 | D:3      | Noticed Natasha
  2581 | D:3      | Reached XP level 5. HP: 26/26 MP: 6/6
  2680 | D:3      | Killed Natasha
  3256 | D:4      | Noticed an ogre
  3264 | D:4      | Noticed an ogre
  3266 | D:4      | Killed an ogre
  3266 | D:4      | Reached skill level 7 in Stealth
  3266 | D:4      | Reached XP level 6. HP: 11/30 MP: 1/7
  3596 | D:4      | Reached XP level 7. HP: 9/35 MP: 1/8
  3599 | D:4      | Reached skill level 8 in Stealth
  3771 | D:4      | Found a blossoming altar of Fedhas.
  3855 | D:5      | Entered Level 5 of the Dungeon
  4141 | D:5      | Gained mutation: You have razor-sharp teeth. [Vine Stalker growth]
  4141 | D:5      | Reached XP level 8. HP: 35/39 MP: 9/9
  4193 | D:5      | Found a white marble altar of Elyvilon.
  4929 | D:6      | Reached skill level 5 in Short Blades
  4959 | D:6      | Reached skill level 9 in Stealth
  5310 | D:6      | Noticed Duvessa
  5312 | D:6      | Noticed Dowan
  5585 | D:6      | Noticed a rust devil
  5585 | D:6      | Noticed a rust devil
  5631 | D:7      | Found a staircase to the Ecumenical Temple.
  5779 | D:7      | Got a jewelled hand crossbow
  6203 | D:8      | Reached XP level 9. HP: 36/44 MP: 10/10
  6257 | D:8      | Identified the +6 hand crossbow of Ycapeti {speed, +Blink rC+ Str+2 Dex+3} (You found it on level 7 of the Dungeon)
  6480 | D:8      | Noticed a two-headed ogre
  6495 | D:8      | Killed a two-headed ogre
  6495 | D:8      | Reached skill level 10 in Stealth
  6872 | D:6      | Killed Duvessa
  6876 | D:6      | Killed Dowan
  6922 | D:6      | Found a white marble altar of Elyvilon.
  7056 | D:6      | Found a stormy altar of Qazlal.
  7344 | D:8      | Slain by an orc warrior

Vault maps used:
D:1:      minmay_arrival_three_doors, minmay_tall_x
D:2:      lemuel_crystal_altar, first_ration, chequers_ecumenical_altar_island,
          led_sif_pool
D:3:      marbit_many_paths, uniq_natasha
D:4:      lemuel_round_altar
D:5:      wad_woods_stonehenge
D:6:      cheibrodos_iron_armory, lemuel_crystal_altar,
          lemuel_coloured_pillars_altar, uniq_duvessa
D:7:      minmay_temple_entry_mist
D:8:      lair_entry_dummy, kennysheep_windowed_goal

Skill      XL: |  1  2  3  4  5  6  7  8  9 |
---------------+----------------------------+-----
Stealth        | 5 6 7 8 9 10 | 10.7
Short Blades   | 2 3 4 5 6 |  6.3
Armour         | 1 2 3 4 |  4.9
Dodging        | 1 2 3 4 |  4.1
Fighting       | 2 3 4 |  4.0
Throwing       | 2 |  2.3

Action                   |  1- 3 |  4- 6 |  7- 9 || total
-------------------------+-------+-------+-------++-------
Melee: Dagger            |   104 |    76 |   510 ||   690
       Bite              |    19 |    15 |   167 ||   201
 Fire: Blowgun           |       |     5 |     1 ||     6
Throw: Throwing net      |       |     2 |     5 ||     7
Invok: Potion Petition   |       |       |     1 ||     1
Evoke: Wand              |       |       |     1 ||     1
  Use: Potion            |     2 |     1 |     1 ||     4
       Scroll            |       |       |     9 ||     9
 Stab: Sleeping          |     9 |    13 |    11 ||    33
       Distracted        |     1 |       |     2 ||     3
       Held in net/web   |       |     1 |     3 ||     4
  Eat: Chunk             |     3 |     2 |       ||     5
       Ration            |       |     1 |     4 ||     5
Armor: Leather armour    |    25 |     7 |     1 ||    33
       Skin              |    10 |     7 |    92 ||   109
       Ring mail         |       |       |    99 ||    99
Dodge: Dodged            |    66 |    27 |   335 ||   428

Table legend:
 A = Spawn XP
 B = Non-spawn XP
 C = Spawn XP percentage of total XP
 D = Spawn monster count
 E = Non-spawn monster count
 F = Spawn count percentage of total count
 G = Total turns spent on level
                    A         B        C        D         E        F      G
               +---------+---------+-------+---------+---------+-------+---------
         Total |       0 |    4400 |   0.0 |       0 |     135 |   0.0 |  7344
               +---------+---------+-------+---------+---------+-------+---------
           D:1 |       0 |      20 |   0.0 |       0 |      13 |   0.0 |  1087
           D:2 |       0 |      55 |   0.0 |       0 |      25 |   0.0 |   842
           D:3 |       0 |     128 |   0.0 |       0 |      17 |   0.0 |  1012
           D:4 |       0 |     718 |   0.0 |       0 |      15 |   0.0 |   957
           D:5 |       0 |     566 |   0.0 |       0 |      23 |   0.0 |   851
           D:6 |       0 |    1352 |   0.0 |       0 |      22 |   0.0 |  1157
           D:7 |       0 |     296 |   0.0 |       0 |      13 |   0.0 |  1191
           D:8 |       0 |    1265 |   0.0 |       0 |       7 |   0.0 |   247
               +---------+---------+-------+---------+---------+-------+---------
